 Dungeon Crawl Stone Soup version 0.28.0-53-g5a82cb258f (webtiles) character file.

Game seed: 1707739194197390833

90231 MisterFreud the Covert (level 16, -2/125 (131) HPs)
             Began as a Gnoll Delver on June 1, 2022.
             Was the Champion of Makhleb.
             Slain by a spectral orc warlord
             ... wielding a +0 dire flail
             ... summoned by Nergalle
              (24 damage)
             ... on level 12 of the Dungeon.
             The game lasted 00:50:00 (29801 turns).

MisterFreud the Covert (Gnoll Delver)              Turns: 29801, Time: 00:50:01

HP:   -2/125 (131)  AC: 15    Str: 12    XL:     16   Next: 0%
MP:   30/30         EV: 23    Int: 17    God:    Makhleb [******]
Gold: 2204          SH:  5    Dex: 14    Spells: 31/36 levels left

rFire   . . .      SeeInvis +   b - +4 lajatang (elec)
rCold   + . .      Faith    .   (shield currently unavailable)
rNeg    . . .      Spirit   .   s - +0 ring mail {rC+}
rPois   .          Reflect  +   n - +2 helmet {SInv}
rElec   .          Harm     .   (no cloak)
rCorr   .          Rampage  .   d - +0 pair of gloves
Will    +....                   j - +2 pair of boots {Fly}
Stlth   +++++.....              y - amulet of reflection
HPRegen 0.30/turn               H - +4 ring of evasion
MPRegen 0.22/turn               K - +4 ring of evasion

@: flying, studying Fighting, lightly drained
A: fangs 1, strong nose, distributed training
a: Renounce Religion, Minor Destruction, Lesser Servant of Makhleb, Major
Destruction, Greater Servant of Makhleb


You were on level 12 of the Dungeon.
You worshipped Makhleb.
Makhleb was exalted by your worship.
You visited 4 branches of the dungeon, and saw 23 of its levels.
You also visited: Ossuary and Gauntlet.

You collected 2204 gold pieces.

Inventory:

Hand Weapons
 a - the +7 shortbow of Blind Justice {venom, rF+ Int-2 Dex+2}
   (You found it on level 4 of the Dungeon)

   Any ammunition fired from it poisons the flesh of those it strikes.
   Int:       It affects your intelligence (-2).
   Dex:       It affects your dexterity (+2).
   rF:        It protects you from fire.
 b - a +4 lajatang of electrocution (weapon)
 L - a +4 scimitar
 Y - a +2 scimitar of flaming
Missiles
 B - 292 arrows
 S - 3 throwing nets (quivered)
Armour
 d - a +0 pair of gloves (worn)
 j - a +2 pair of boots of flying (worn)
 n - a +2 helmet of see invisible (worn)
 s - a +0 ring mail of cold resistance (worn)
Jewellery
 p - a ring of resist corrosion
 y - an amulet of reflection (around neck)
 z - the ring of Sesin {rElec rF+ Int-5 Dex+5}
   (You took it off a minotaur in a Gauntlet)

   [ring of protection from fire]

   Int:       It affects your intelligence (-5).
   Dex:       It affects your dexterity (+5).
   rF:        It protects you from fire.
   rElec:     It insulates you from electricity.
 H - a +4 ring of evasion (left hand)
 K - a +4 ring of evasion (right hand)
 O - a ring of wizardry
 R - a ring of willpower
Wands
 g - a wand of digging (2)
 h - a wand of mindburst (8)
 m - a wand of acid (4)
 C - a wand of charming (10)
 M - a wand of flame (44)
 V - a wand of iceblast (12)
Scrolls
 c - 2 scrolls of fog
 e - 5 scrolls of fear
 i - 6 scrolls of magic mapping
 r - 3 scrolls of identify
 x - 6 scrolls of teleportation
 E - 2 scrolls of blinking
 F - 2 scrolls of brand weapon
 G - 3 scrolls of silence
 I - 3 scrolls of amnesia
 N - a scroll of enchant armour
Potions
 f - 4 potions of haste
 k - 5 potions of brilliance
 o - 7 potions of curing
 t - 8 potions of ambrosia
 u - 6 potions of magic
 v - a potion of heal wounds
 w - a potion of might
 D - 2 potions of resistance
 J - a potion of mutation
 P - a potion of cancellation
 W - 3 potions of berserk rage
 Z - 3 potions of invisibility
Miscellaneous
 l - a box of beasts
 A - a condenser vane
 Q - a phial of floods
 T - a tin of tremorstones (1/2)
 X - a lightning rod (4/4)


   Skills:
 + Level 13.2 Fighting
 + Level 11.5 Short Blades
 + Level 10.5 Long Blades
 + Level 10.5 Axes
 + Level 10.5 Maces & Flails
 + Level 10.5 Polearms
 + Level 10.5 Staves
 + Level 10.5 Slings
 + Level 10.5 Bows
 + Level 10.5 Crossbows
 + Level 10.5 Throwing
 + Level 10.5 Armour
 + Level 11.5 Dodging
 + Level 14.0 Stealth
 + Level 10.5 Shields
 + Level 10.5 Unarmed Combat
 + Level 10.5 Spellcasting
 + Level 8.8 Conjurations
 + Level 8.8 Hexes
 + Level 8.8 Summonings
 + Level 8.8 Necromancy
 + Level 8.8 Translocations
 + Level 8.8 Transmutations
 + Level 8.8 Fire Magic
 + Level 8.8 Ice Magic
 + Level 8.8 Air Magic
 + Level 8.8 Earth Magic
 + Level 8.8 Poison Magic
 + Level 11.4 Invocations
 + Level 10.5 Evocations


You had 31 spell levels left.
You knew the following spells:

 Your Spells              Type           Power      Damage    Failure   Level
a - Borgnjor's Vile Clut  Necr/Erth      19%        N/A       11%         5

Your spell library contained the following spells:

 Spells                   Type           Power      Damage    Failure   Level
 Apportation              Tloc           78%        N/A       1%          1
 Beastly Appendage        Tmut           78%        N/A       1%          1
 Magic Dart               Conj           100%       1d8       1%          1
 Sandblast                Erth           78%        2d17      1%          1
 Shock                    Conj/Air       100%       1d9       1%          1
 Slow                     Hex            100%       N/A       1%          1
 Call Imp                 Summ           39%        N/A       1%          2
 Corpse Rot               Necr/Air       78%        N/A       1%          2
 Ensorcelled Hibernation  Hex/Ice        78%        N/A       1%          2
 Passwall                 Tmut/Erth      32%        N/A       1%          2
 Poisonous Vapours        Pois/Air       78%        N/A       1%          2
 Static Discharge         Conj/Air       39%        N/A       1%          2
 Sublimation of Blood     Necr           39%        N/A       1%          2
 Wereblood                Tmut           39%        N/A       1%          2
 Confusing Touch          Hex            39%        N/A       1%          3
 Mephitic Cloud           Conj/Pois/Air  39%        N/A       1%          3
 Ozocubu's Armour         Ice            39%        N/A       1%          3
 Spider Form              Tmut/Pois      39%        N/A       1%          3
 Stone Arrow              Conj/Erth      78%        3d11      1%          3
 Swiftness                Air            39%        N/A       1%          3
 Vampiric Draining        Necr           39%        2d8       1%          3
 Airstrike                Air            19%        N/A       4%          4
 Anguish                  Hex/Necr       19%        N/A       4%          4
 Animate Dead             Necr           19%        N/A       4%          4
 Dispel Undead            Necr           39%        3d16      4%          4
 Petrify                  Tmut/Erth      39%        N/A       4%          4
 Sticky Flame             Conj/Fire      39%        2d6       4%          4
 Agony                    Necr           39%        N/A       11%         5
 Alistair's Intoxication  Tmut/Pois      26%        N/A       11%         5
 Blade Hands              Tmut           19%        N/A       11%         5
 Irradiate                Conj/Tmut      19%        3d20      11%         5
 Metabolic Englaciation   Hex/Ice        19%        N/A       11%         5
 Summon Forest            Summ/Tloc      19%        N/A       11%         5
 Conjure Ball Lightning   Conj/Air       19%        3x3d6     52%         6
 Death Channel            Necr           19%        N/A       52%         6
 Eringya's Noxious Bog    Tmut/Pois      19%        N/A       52%         6
 Simulacrum               Ice/Necr       19%        N/A       52%         6
 Dragon Form              Tmut           19%        N/A       98%         7
 Summon Hydra             Summ           19%        N/A       98%         7
 Borgnjor's Revivificati  Necr           19%        N/A       100%        8
 Discord                  Hex            19%        N/A       100%        8
 Disjunction              Tloc           19%        N/A       100%        8


Dungeon Overview and Level Annotations

Branches:
Dungeon (15/15)            Temple (0/1) D:6            Lair (6/6) D:11
 Shoals (0/4) Lair:4        Snake (1/4) Lair:4        Slime (0/5) Lair:6
    Orc (1/2) D:12         Vaults (0/5) D:13         Depths (0/4) D:15
Ossuary (visited)         Gauntlet (visited)

Altars:
Dithmenos
Elyvilon
Fedhas
Makhleb
Nemelex Xobeh
Qazlal
Ru
Xom
Zin
Jiyva

Shops:
D:13 [

Annotations:
D:10 Garym's ghost, journeyman MiBe
D:12 Nergalle
D:15 Roxanne
Lair:2 1 runed translucent door, Fartwhistle's ghost, journeyman DsMo


Innate Abilities, Weirdness & Mutations

You have very sharp teeth.
Your uncanny sense of smell can sniff out nearby items.
Your experience applies equally to all skills.


Message History

Nergalle writhes in agony.
The spectral orc warrior closely misses you.
The orc barely misses you.
The spectral orc warrior completely misses you.
You hit Nergalle but do no damage.
Nergalle is lightly wounded.
The spectral orc warlord hits you with a +0 dire flail!
You feel drained.
* * * LOW HITPOINT WARNING * * *
Nergalle casts a spell at you.
Orcish apparitions take form around you.
The spectral orc warrior misses you. The orc barely misses you.
The spectral orc warrior hits you with a +0 long sword.
* * * LOW HITPOINT WARNING * * *
You feel drained.
You closely miss Nergalle.
Nergalle is lightly wounded.
The spectral orc warlord hits you with a +0 dire flail!
* * * LOW HITPOINT WARNING * * *
Nergalle barely misses you.
The spectral orc warrior closely misses you.
Unknown command.
Blink to where?
Press: ? - help, Dir - move target
As you read the scroll of blinking, it crumbles to dust.
You flicker for a moment.
Things that are here:
a +1 buckler of protection; a +0 leather armour; a +3 long sword of holy wrath You flicker back into view.
The spectral orc warlord closely misses you.
The orc priest shouts!
You hit the spectral orc warlord but do no damage.
Nergalle casts a spell at you.
Orcish apparitions take form around you.
You slice the spectral orc warlord!!
Lightning courses through the spectral orc warlord!
You bite the spectral orc warlord, but do no damage.
The spectral orc warlord is heavily damaged.
The spectral orc warlord hits you with a +0 dire flail!!
You die...

#..# #..#
#..###############..#
#)..................#
#....................
#)...................
#..##############....
#..# #....
#..##############....
#...@ZZZo[...........
#.Z.#####oZ...#####..
#.###......8......#..
#.# #.............###
#.###.....Z.......##
#.##.....ZZZZo.....##
#.#..8...o.ยง.....8...
#........ZZo.........
#.###.............#..


You could see Nergalle, 4 spectral orc warriors, a spectral orc warlord
(summoned) and an orc priest (fast).

Vanquished Creatures
  Rupert (D:13)
  Jorgrun (D:12)
  Gastronok (Lair:2)
  A minotaur (Gauntlet)
  A vault guard (D:13)
  8 hydras
  2 boulder beetles
  Harold (D:9)
  An ogre mage (D:15)
  A death knight (D:13)
  A catoblepas (Lair:6)
  4 centaur warriors
  5 tengu warriors
  8 two-headed ogres
  2 sixfirhies (Gauntlet)
  A skeletal warrior (D:15)
  3 deep elf pyromancers
  An orc knight (D:9)
  A necromancer (D:15)
  4 cyclopes
  2 orc sorcerers (D:15)
  15 ugly things
  3 manticores
  17 elephants
  5 black mambas
  2 torpor snails
  A naga mage (D:15)
  A cane toad (shapeshifter) (D:13)
  2 kobold demonologists
  2 minotaur zombies (Gauntlet)
  12 cane toads
  A yaktaur (D:12)
  12 komodo dragons
  3 rime drakes
  An unseen horror (D:12)
  Psyche (D:8)
  2 tengu conjurers (D:13)
  A yaktaur (shapeshifter) (D:14)
  An efreet (D:11)
  2 queen bees
  A freezing wraith (D:14)
  6 meliai
  2 polar bears (Lair:6)
  7 trolls
  5 hornets
  Grinder (D:5)
  12 blink frogs
  4 dream sheep
  A meliai zombie (D:11)
  8 slime creatures
  Sigmund (D:4)
  2 centaur simulacra (Gauntlet)
  22 spriggans
  5 wyverns
  A shadow (D:12)
  4 hogs (D:7)
  A human (D:7)
  2 basilisks
  2 steam dragons
  Grum (Lair:1)
  45 yaks
  A redback simulacrum (D:15)
  2 wargs (D:11)
  Menkaure (D:5)
  3 nagas (Lair:4)
  4 vampire mosquitoes
  8 water moccasins
  2 acid dragons
  2 ice beasts (D:6)
  6 orc warriors
  8 black bears
  A hornet zombie (D:15)
  2 sky beasts
  A necrophage (D:6)
  4 boggarts (Lair:6)
  11 centaurs
  24 wolves
  2 ogres
  3 phantoms
  3 kobold brigands
  10 bullfrogs
  2 scorpions
  44 killer bees
  A troll zombie (D:12)
  5 howler monkeys
  2 vampire bats (Lair:6)
  10 wights
  A bullfrog zombie (D:6)
  5 centaur zombies
  2 jellies (D:6)
  2 quasits (D:7)
  A gnoll shaman (D:6)
  2 hounds
  6 orc priests
  2 centaur skeletons
  Ijyb (D:4)
  An iguana (D:6)
  6 hell rats (Lair:1)
  13 orc wizards
  A killer bee zombie (D:6)
  7 ogre zombies (D:12)
  A howler monkey zombie (D:9)
  4 adders
  A shadow imp (D:8)
  A white imp (D:5)
  2 adder skeletons (D:4)
  3 dart slugs
  25 orcs
  A ball python (D:3)
  7 endoplasms
  2 giant cockroaches
  7 goblins
  7 hobgoblins
  6 jackals
  A quokka (D:1)
  10 bats
  2 frilled lizards
  A goblin skeleton (D:12)
  2 goblin zombies (D:12)
  A hobgoblin skeleton (D:12)
  3 hobgoblin zombies (D:12)
  15 kobolds
  2 orc skeletons (D:12)
  16 orc zombies (D:12)
  5 rats
604 creatures vanquished.

Vanquished Creatures (collateral kills)
  A water moccasin (Lair:6)
1 creature vanquished.

Vanquished Creatures (others)
  2 bushes (D:13)
  25 fungi
  21 plants
  4 withered plants (Gauntlet)
52 creatures vanquished.

Grand Total: 657 creatures vanquished

Notes
Turn   | Place    | Note
-------+----------+-------------------------------------------
     0 | D:5      | Reached skill level 9 in Stealth
     0 | D:5      | MisterFreud the Gnoll Delver began the quest for the Orb.
     0 | D:5      | Reached XP level 1. HP: 23/23 MP: 1/1
    49 | D:5      | Noticed Menkaure
    57 | D:5      | Killed Menkaure
    58 | D:5      | Reached skill level 1 in Long Blades
    58 | D:5      | Reached skill level 1 in Axes
    58 | D:5      | Reached skill level 1 in Maces & Flails
    58 | D:5      | Reached skill level 1 in Polearms
    58 | D:5      | Reached skill level 1 in Staves
    58 | D:5      | Reached skill level 1 in Slings
    58 | D:5      | Reached skill level 1 in Bows
    58 | D:5      | Reached skill level 1 in Crossbows
    58 | D:5      | Reached skill level 1 in Throwing
    58 | D:5      | Reached skill level 1 in Armour
    58 | D:5      | Reached skill level 1 in Shields
    58 | D:5      | Reached skill level 1 in Unarmed Combat
    58 | D:5      | Reached skill level 1 in Spellcasting
    58 | D:5      | Reached skill level 1 in Conjurations
    58 | D:5      | Reached skill level 1 in Hexes
    58 | D:5      | Reached skill level 1 in Summonings
    58 | D:5      | Reached skill level 1 in Necromancy
    58 | D:5      | Reached skill level 1 in Translocations
    58 | D:5      | Reached skill level 1 in Transmutations
    58 | D:5      | Reached skill level 1 in Fire Magic
    58 | D:5      | Reached skill level 1 in Ice Magic
    58 | D:5      | Reached skill level 1 in Air Magic
    58 | D:5      | Reached skill level 1 in Earth Magic
    58 | D:5      | Reached skill level 1 in Poison Magic
    58 | D:5      | Reached skill level 1 in Invocations
    58 | D:5      | Reached skill level 1 in Evocations
    58 | D:5      | Reached XP level 2. HP: 29/29 MP: 1/3
    58 | D:5      | Reached XP level 3. HP: 35/35 MP: 1/4
    58 | D:5      | Reached XP level 4. HP: 41/41 MP: 1/5
    58 | D:5      | Reached XP level 5. HP: 47/47 MP: 1/6
    62 | D:5      | Noticed Grinder
    72 | D:5      | Found a sand-covered staircase.
    81 | Ossuary  | Entered an ossuary
   421 | D:5      | Paralysed by Grinder for 4 turns
   433 | D:5      | Killed Grinder
   434 | D:5      | Reached skill level 5 in Short Blades
   434 | D:5      | Reached skill level 5 in Dodging
   434 | D:5      | Reached XP level 6. HP: 23/53 MP: 7/9
   443 | D:5      | Noticed a troll
   453 | D:5      | Noticed a two-headed ogre
   643 | D:4      | Noticed Sigmund
   646 | D:4      | Killed Sigmund
   647 | D:4      | Reached XP level 7. HP: 60/60 MP: 10/10
  1001 | D:2      | Found a faded altar of an unknown god.
  1047 | D:2      | Prayed at the altar of an unknown god.
  1047 | D:2      | Became a worshipper of Makhleb the Destroyer
  1047 | D:2      | Reached * piety under Makhleb
  2150 | D:1      | Reached ** piety under Makhleb
  3750 | D:4      | Noticed Ijyb
  3897 | D:4      | Killed Ijyb
  4258 | D:4      | Identified the +7 shortbow of Blind Justice {venom, rF+
                  | Int-2 Dex+2}
  4589 | D:4      | Found a shadowy altar of Dithmenos.
  4827 | D:5      | Killed a two-headed ogre
  4828 | D:5      | Reached skill level 10 in Stealth
  4828 | D:5      | Reached XP level 8. HP: 67/67 MP: 10/12
  4834 | D:5      | Identified the +7 spear of Ashenzari's Supremacy {drain,
                  | +Blink}
  5024 | D:5      | Killed a troll
  5224 | D:6      | Found a stormy altar of Qazlal.
  5526 | D:6      | Reached XP level 9. HP: 71/72 MP: 14/14
  5534 | D:6      | Found a staircase to the Ecumenical Temple.
  5762 | D:6      | Found a blossoming altar of Fedhas.
  5969 | D:6      | Reached *** piety under Makhleb
  6760 | D:7      | Found a sacrificial altar of Ru.
  6787 | D:7      | Reached skill level 5 in Invocations
  7046 | D:7      | Reached XP level 10. HP: 37/80 MP: 17/17
  7405 | D:7      | Reached skill level 5 in Long Blades
  7405 | D:7      | Reached skill level 5 in Axes
  7405 | D:7      | Reached skill level 5 in Maces & Flails
  7405 | D:7      | Reached skill level 5 in Polearms
  7405 | D:7      | Reached skill level 5 in Staves
  7405 | D:7      | Reached skill level 5 in Slings
  7405 | D:7      | Reached skill level 5 in Bows
  7405 | D:7      | Reached skill level 5 in Crossbows
  7405 | D:7      | Reached skill level 5 in Throwing
  7405 | D:7      | Reached skill level 5 in Armour
  7405 | D:7      | Reached skill level 5 in Shields
  7405 | D:7      | Reached skill level 5 in Unarmed Combat
  7405 | D:7      | Reached skill level 5 in Spellcasting
  7405 | D:7      | Reached skill level 5 in Evocations
  7445 | D:7      | Noticed a green ugly thing
  7456 | D:7      | Killed a green ugly thing
  8199 | D:8      | Noticed Psyche
  8212 | D:8      | Killed Psyche
  8234 | D:8      | Noticed a cyclops
  8240 | D:8      | Killed a cyclops
  8479 | D:8      | Reached skill level 11 in Stealth
  8758 | D:8      | Noticed a two-headed ogre
  8764 | D:8      | Killed a two-headed ogre
  9027 | D:8      | Found a shimmering altar of Xom.
  9334 | D:9      | Found a sparkling altar of Nemelex Xobeh.
  9590 | D:9      | Got the Papyrus of Evil
  9618 | D:9      | Noticed Harold
  9639 | D:9      | Killed Harold
  9640 | D:9      | Reached XP level 11. HP: 70/87 MP: 19/19
  9802 | D:9      | Noticed a cyclops
  9804 | D:9      | Killed a cyclops
  9805 | D:9      | Reached skill level 5 in Conjurations
  9805 | D:9      | Reached skill level 5 in Hexes
  9805 | D:9      | Reached skill level 5 in Summonings
  9805 | D:9      | Reached skill level 5 in Necromancy
  9805 | D:9      | Reached skill level 5 in Translocations
  9805 | D:9      | Reached skill level 5 in Transmutations
  9805 | D:9      | Reached skill level 5 in Fire Magic
  9805 | D:9      | Reached skill level 5 in Ice Magic
  9805 | D:9      | Reached skill level 5 in Air Magic
  9805 | D:9      | Reached skill level 5 in Earth Magic
  9805 | D:9      | Reached skill level 5 in Poison Magic
  9832 | D:9      | Reached **** piety under Makhleb
 10922 | D:10     | Entered Level 10 of the Dungeon
 10936 | D:10     | Identified the +4 dagger of the Wizarding Madman {venom,
                  | *Slow Int+4}
 10943 | D:10     | Noticed an orc knight
 11038 | D:9      | Killed an orc knight
 11421 | D:10     | Found a transporter.
 11421 | D:10     | Noticed a cyclops
 11422 | D:10     | Noticed a cyan ugly thing
 11423 | D:10     | Noticed Garym's ghost (journeyman MiBe)
 11523 | D:10     | Noticed a two-headed ogre
 11530 | D:10     | Killed a two-headed ogre
 11572 | D:10     | Found a glowing silver altar of Zin.
 11688 | D:10     | Found a transporter.
 11688 | D:10     | Noticed a phantasmal warrior
 12566 | D:11     | Noticed a seven-headed hydra
 12575 | D:11     | Killed a seven-headed hydra
 12576 | D:11     | Reached XP level 12. HP: 96/96 MP: 22/22
 12648 | D:11     | Found a staircase to the Lair.
 13068 | D:11     | Noticed a four-headed hydra
 13080 | D:11     | Killed a three-headed hydra
 13376 | Lair:1   | Entered Level 1 of the Lair of Beasts
 14187 | Lair:1   | Reached skill level 12 in Stealth
 14476 | Lair:1   | Noticed Grum
 14496 | Lair:1   | Reached skill level 10 in Fighting
 14504 | Lair:1   | Killed Grum
 14569 | Lair:1   | Reached ***** piety under Makhleb
 15618 | Lair:2   | Found a runed translucent door.
 15618 | Lair:2   | Found a shimmering altar of Xom.
 15618 | Lair:2   | Noticed Fartwhistle's ghost (journeyman DsMo)
 15679 | Lair:2   | Noticed Gastronok
 15695 | Lair:2   | Killed Gastronok
 15696 | Lair:2   | Reached XP level 13. HP: 104/104 MP: 24/24
 16401 | Lair:2   | Identified the +1 ring mail of the Hidden Wishes {rF+}
 17061 | Lair:3   | Learned a level 5 spell: Borgnjor's Vile Clutch
 18628 | Lair:4   | Found a staircase to the Snake Pit.
 19223 | Lair:4   | Found a staircase to the Shoals.
 19645 | Lair:4   | Reached skill level 10 in Short Blades
 19645 | Lair:4   | Reached skill level 10 in Dodging
 19645 | Lair:4   | Reached XP level 14. HP: 113/113 MP: 26/26
 19668 | Snake:1  | Entered Level 1 of the Snake Pit
 20063 | Lair:5   | Found a white marble altar of Elyvilon.
 20208 | Lair:5   | Found a dark tunnel.
 20379 | Lair:5   | Reached skill level 13 in Stealth
 21147 | Lair:6   | Entered Level 6 of the Lair of Beasts
 21286 | Lair:6   | Found a viscous altar of Jiyva.
 21286 | Lair:6   | Found a staircase to the Slime Pits.
 21300 | Lair:6   | Identified the +3 hunting sling "Vosion" {vorpal, rF+ rN+
                  | Stlth+}
 21538 | Lair:6   | Reached skill level 10 in Invocations
 21624 | Lair:6   | Reached ****** piety under Makhleb
 22523 | Lair:6   | Found a stormy altar of Qazlal.
 23122 | D:12     | Found a gate leading to a gauntlet.
 23133 | Gauntlet | Entered a Gauntlet
 23133 | Gauntlet | Found a transporter.
 23133 | Gauntlet | Found a transporter.
 23137 | Gauntlet | Found a transporter.
 23137 | Gauntlet | Found a transporter.
 23141 | Gauntlet | Found a transporter.
 23141 | Gauntlet | Found a transporter.
 23514 | Gauntlet | Found a transporter.
 23514 | Gauntlet | Found a transporter.
 23518 | Gauntlet | Found a transporter.
 23518 | Gauntlet | Found a transporter.
 23677 | Gauntlet | Found a runed translucent door.
 23680 | Gauntlet | Found a transporter.
 23681 | Gauntlet | Found a transporter.
 24099 | Gauntlet | Identified the ring of Sesin {rElec rF+ Int-5 Dex+5}
 24508 | D:12     | Found a staircase to the Orcish Mines.
 25256 | D:13     | Reached XP level 15. HP: 114/120 MP: 28/28
 25452 | D:13     | Found Rymasian's Antique Armour Emporium.
 25876 | D:13     | Noticed Rupert
 25892 | D:13     | Killed Rupert
 25893 | D:13     | Reached skill level 10 in Long Blades
 25893 | D:13     | Reached skill level 10 in Axes
 25893 | D:13     | Reached skill level 10 in Maces & Flails
 25893 | D:13     | Reached skill level 10 in Polearms
 25893 | D:13     | Reached skill level 10 in Staves
 25893 | D:13     | Reached skill level 10 in Slings
 25893 | D:13     | Reached skill level 10 in Bows
 25893 | D:13     | Reached skill level 10 in Crossbows
 25893 | D:13     | Reached skill level 10 in Throwing
 25893 | D:13     | Reached skill level 10 in Armour
 25893 | D:13     | Reached skill level 10 in Shields
 25893 | D:13     | Reached skill level 10 in Unarmed Combat
 25893 | D:13     | Reached skill level 10 in Spellcasting
 25893 | D:13     | Reached skill level 10 in Evocations
 26072 | D:13     | Found a gate to the Vaults.
 27133 | D:14     | Identified a scroll of acquirement
 27134 | D:14     | Acquired 701 gold pieces
 27366 | D:15     | Entered Level 15 of the Dungeon
 28671 | D:15     | Noticed Roxanne
 29061 | D:15     | Found a staircase to the Depths.
 29770 | Orc:1    | Entered Level 1 of the Orcish Mines
 29770 | Orc:1    | Noticed Nergalle
 29770 | Orc:1    | Noticed Jorgrun
 29786 | D:12     | Killed Jorgrun
 29787 | D:12     | Reached skill level 14 in Stealth
 29787 | D:12     | Reached XP level 16. HP: 81/129 MP: 30/30
 29801 | D:12     | Slain by a spectral orc warlord

Illustrated notes

Levels and vault maps discovered:
D:1:      dpeg_arrival_arbitrary_c, layout_loops_corners
D:2:      layout_basic, hellmonk_ecumenical_altar_dog_temple,
          mrwooster_statue_mirror
D:3:      layout_basic
D:4:      layout_basic, grunt_dithmenos_smoke_and_mirrors, serial_bayou,
          serial_bayou_pond_a, serial_bayou_ford_a, serial_bayou_lagoon_a,
          serial_bayou_pond_a, uniq_sigmund, uniq_ijyb
D:5:      layout_rooms, lightli_ossuary_entry_decrepit_ruins, uniq_grinder,
          uniq_menkaure
D:6:      minmay_chambers_of_threes, layout_loops_corners,
          grunt_temple_overflow_forces_of_nature, minmay_temple_entry_wispy
D:7:      cheibrodos_quashed, layout_basic, nicolae_ru_the_path_less_chosen,
          serial_co_window_serial, co_window_corner_a, co_window_paths_a,
          co_window_paths_b, co_window_of_opportunity_a, co_window_paths_b,
          co_window_corner_b, co_window_corner_b, co_window_cross_2,
          co_window_unsneaky_path_a, co_window_corner_b, co_window_paths_c,
          co_window_sun, glass_columns_a, glass_columns_a, glass_columns_a,
          glass_columns_a, glass_columns_c, grunt_livestock
D:8:      layout_cave_pods, xom_teletrap_fun, corexii_hall_statues_l,
          st_stairs_13, uniq_psyche
D:9:      minmay_recursive_quarters, layout_loops_ring,
          nemelex_xobeh_ov_fountains_minmay, minmay_liquid_box, uniq_harold
D:10:     layout_cave_pools, zin_treasury, gammafunk_ghost_arena, enter_bailey_5
D:11:     layout_cave_pods, erik_lair_orcish_takeover
D:12:     layout_long_grid, zombieorc2_lemuel, gauntlet_entry_generic
D:13:     layout_cave_pools, david_vaults_5, serial_park, serial_park_square3
          [serial_park_minivault_5x5_2], serial_park_tiny_2, serial_park_square1
          [serial_park_minivault_5x5_5], special_room [special_room_bee],
          serial_shops, nicolae_shop_temple_entry_statues_fountains,
          minmay_misc_feat_five, uniq_rupert
D:14:     layout_stronghold, serial_column_ruins, column_ruins_circle_small,
          column_ruins_corridor_straight, column_ruins_open_tiny_water,
          column_ruins_grid_3, column_ruins_open_small_water,
          column_ruins_open_medium
D:15:     grunt_enter_depths_magical_seal, layout_irregular_city, uniq_roxanne
Lair:1:   kb_forest_paths, layout_regular_city, st_stairs_8, minivault_26,
          uniq_grum
Lair:2:   layout_misc_corridors, ebering_ghost_xom, beast_lair_carwin_1,
          uniq_gastronok
Lair:3:   layout_hall_layers, grunt_megastairs_3, infiniplex_staircase_pool_2
Lair:4:   layout_gridlike, elwin_shoals_entry_rooms,
          minmay_snake_entry_guardpost_small, chequers_serial_rivers_micro_b
Lair:5:   layout_cellular_growth, basic_altar, nicolae_volcano_entry_two_sided,
          minivault_24
Lair:6:   minmay_lair_end_enchanted_forest, layout_cave_pods, slime_altar_1,
          basic_altar, minivault_26, roderic_batcave, infiniplex_staircase_pool
Snake:1:  onia_ninara_swampy_vault, layout_misc_corridors, drop_trap,
          serial_bayou_shore_a
Orc:1:    layout_caves, serial_shops, shop, uniq_nergalle, uniq_jorgrun,
          uniq_erica

Skill      XL: |  1  2  3  4  5  6  7  8  9 10 11 12 13 14 15 |
---------------+----------------------------------------------+-----
Stealth        | 10 11 12 13 14 | 14.0
Long Blades    | 1 2 3 4 5 6 7 8 9 10 | 10.5
Axes           | 1 2 3 4 5 6 7 8 9 10 | 10.5
Maces & Flails | 1 2 3 4 5 6 7 8 9 10 | 10.5
Polearms       | 1 2 3 4 5 6 7 8 9 10 | 10.5
Staves         | 1 2 3 4 5 6 7 8 9 10 | 10.5
Slings         | 1 2 3 4 5 6 7 8 9 10 | 10.5
Bows           | 1 2 3 4 5 6 7 8 9 10 | 10.5
Crossbows      | 1 2 3 4 5 6 7 8 9 10 | 10.5
Throwing       | 1 2 3 4 5 6 7 8 9 10 | 10.5
Armour         | 1 2 3 4 5 6 7 8 9 10 | 10.5
Shields        | 1 2 3 4 5 6 7 8 9 10 | 10.5
Unarmed Combat | 1 2 3 4 5 6 7 8 9 10 | 10.5
Spellcasting   | 1 2 3 4 5 6 7 8 9 10 | 10.5
Conjurations   | 1 2 3 4 5 6 7 8 |  8.8
Hexes          | 1 2 3 4 5 6 7 8 |  8.8
Summonings     | 1 2 3 4 5 6 7 8 |  8.8
Necromancy     | 1 2 3 4 5 6 7 8 |  8.8
Translocations | 1 2 3 4 5 6 7 8 |  8.8
Transmutations | 1 2 3 4 5 6 7 8 |  8.8
Fire Magic     | 1 2 3 4 5 6 7 8 |  8.8
Ice Magic      | 1 2 3 4 5 6 7 8 |  8.8
Air Magic      | 1 2 3 4 5 6 7 8 |  8.8
Earth Magic    | 1 2 3 4 5 6 7 8 |  8.8
Poison Magic   | 1 2 3 4 5 6 7 8 |  8.8
Invocations    | 1 2 3 4 5 6 7 8 9 10 11 | 11.4
Evocations     | 1 2 3 4 5 6 7 8 9 10 | 10.5
Short Blades   | 5 6 7 8 9 10 11 | 11.5
Dodging        | 5 6 7 8 9 10 11 | 11.5
Fighting       | 7 8 9 10 11 13 | 13.2

Action                   |  1- 3 |  4- 6 |  7- 9 | 10-12 | 13-15 | 16-18 || total
-------------------------+-------+-------+-------+-------+-------+-------++-------
Melee: Short sword       |     1 |    47 |    66 |       |       |       ||   114
       Bite              |       |     2 |    26 |    42 |   207 |     1 ||   278
       Dagger            |       |       |    63 |       |       |       ||    63
       Punch             |       |       |     7 |    17 |    72 |       ||    96
       Spear             |       |       |   115 |   378 |   801 |       ||  1294
       Scimitar          |       |       |       |     1 |       |       ||     1
       Lajatang          |       |       |       |       |   401 |     6 ||   407
 Fire: Shortbow          |       |       |    95 |   430 |   648 |       ||  1173
Evoke: Wand              |       |       |     1 |       |     4 |       ||     5
       Tin of tremorston |       |       |       |       |     3 |       ||     3
       Condenser vane    |       |       |       |       |     1 |       ||     1
  Use: Scroll            |     1 |       |     9 |    11 |    15 |     1 ||    37
       Potion            |       |       |       |       |     3 |       ||     3
 Stab: Sleeping          |     1 |     2 |    26 |     1 |     2 |       ||    32
       Distracted        |       |       |     1 |       |     3 |       ||     4
       Invisible         |       |       |       |       |     4 |       ||     4
Armor: Leather armour    |       |     5 |    20 |       |       |       ||    25
       Ring mail         |       |       |    48 |    66 |   304 |       ||   418
Dodge: Dodged            |       |    24 |   111 |   303 |  1050 |    11 ||  1499
Block: Other             |       |       |       |    95 |   270 |     3 ||   368
       Reflection        |       |       |       |     5 |     9 |       ||    14
